 Dungeon Crawl Stone Soup version 0.23.2-40-g277498a001 (webtiles) character file.

Game seed: 9672760286705401531

206431 GordonOverkill the Warrior (level 19, -4/221 HPs)
             Began as an Ogre Fighter on Oct 20, 2019.
             Was a High Priest of Okawaru.
             Killed from afar by an ice dragon (44 damage)
             ... with a blast of cold
             ... on level 3 of the Depths on Oct 21, 2019.
             The game lasted 01:19:50 (43539 turns).

GordonOverkill the Warrior (Ogre Fighter)          Turns: 43539, Time: 01:19:51

Health: -4/221     AC: 19    Str: 29    XL:     19   Next: 14%
Magic:  22/25      EV: 16    Int:  6    God:    Okawaru [*****.]
Gold:   1031       SH: 24    Dex: 14    Spells: 18/18 levels left

rFire    + + .     SeeInvis +   O - +3 broad axe "Cibrea Bulu" {speed, MR+ Str+4 SInv}
rCold    . . .     Gourm    .   j - +0 large shield
rNeg     . . .     Faith    .   F - +2 fire dragon scales
rPois    +         Spirit   .   L - +2 hat {MR+}
rElec    .         Reflect  .   o - +0 cloak {rPois}
rCorr    .         Harm     .   (gloves unavailable)
MR       +++++     Rnd*Rage +   (boots unavailable)
Stlth    +.........             V - necklace of Bloodlust {*Rage +Rage MR++ Int-3 Slay+6 *Curse}
HPRegen  0.46/turn              R - ring of see invisible
MPRegen  0.19/turn              W - ring of protection from cold

@: heroism, finesse, very slightly contaminated
A: large, unfitting armour, tough skin 1
a: Heroism, Finesse, Renounce Religion, Evoke Berserk Rage


You were on level 3 of the Depths.
You worshipped Okawaru.
Okawaru was extremely pleased with you.
You were very hungry.

You visited 6 branches of the dungeon, and saw 29 of its levels.
You visited 1 bazaar.
You also visited: Sewer and Ice Cave.

You collected 3196 gold pieces.
You spent 2165 gold pieces at shops.

Inventory:

Hand Weapons
 a - a +4 broad axe of chopping
 K - a +5 broad axe of freezing
 O - the +3 broad axe "Cibrea Bulu" (weapon) {speed, MR+ Str+4 SInv}
   (Okawaru gifted it to you on level 12 of the Dungeon)

   Attacks with this weapon are significantly faster.
   It affects your strength (+4).
   It affects your resistance to hostile enchantments.
   It lets you see invisible.
Missiles
 i - 52 large rocks (quivered)
 v - 11 throwing nets
Armour
 j - a +0 large shield (worn)
 o - a +0 cloak of poison resistance (worn)
 F - +2 fire dragon scales (worn)
 L - a +2 hat of magic resistance (worn)
Jewellery
 f - an uncursed ring of flight
 u - an uncursed ring of fire
 x - an uncursed amulet of the acrobat
 y - a +4 ring of strength
 R - a ring of see invisible (left hand)
 T - the amulet "Ocapuj" {+Inv rC- Regen+ Str+9}
   (You took it off a tengu warrior on level 1 of the Depths)

   [amulet of regeneration]

   It affects your strength (+9).
   It makes you vulnerable to cold.
   It lets you turn invisible.
   It increases your rate of regeneration.
 V - the necklace of Bloodlust (around neck) {*Rage +Rage MR++ Int-3 Slay+6 *Curse}
   (You bought it in a shop in a bazaar)

   [amulet of rage]

   It affects your intelligence (-3).
   It affects your accuracy and damage with ranged weapons and melee attacks
   (+6).
   It affects your resistance to hostile enchantments.
   It lets you go berserk.
   It may make you go berserk in combat.
   It curses itself when equipped.
 W - a ring of protection from cold (right hand)
Wands
 d - a wand of acid (12)
 s - a wand of paralysis (16)
 t - a wand of disintegration (5)
 w - a wand of flame (90)
 C - a wand of polymorph (8)
 N - a wand of iceblast (6)
 P - a wand of random effects (27)
 S - a wand of digging (5)
 U - a wand of enslavement (7)
Scrolls
 c - 12 scrolls of remove curse
 g - 8 scrolls of amnesia
 k - 13 scrolls of teleportation
 m - 4 scrolls of immolation
 r - 17 scrolls of identify
 B - a scroll of magic mapping
 D - 3 scrolls of blinking
 I - 2 scrolls of fear
 J - 3 scrolls of enchant armour
 M - a scroll of holy word
 Q - a scroll of brand weapon
Potions
 b - 2 potions of resistance
 h - 2 potions of haste
 l - 16 potions of curing
 n - 5 potions of flight
 p - 3 potions of brilliance
 z - 3 potions of cancellation
 A - 3 potions of heal wounds
 E - 2 potions of lignification
 G - a potion of mutation
 H - a potion of might
Comestibles
 e - 29 rations


   Skills:
 + Level 20.5(25.5) Fighting
 - Level 18.0(23.0) Axes
 - Level 9.0(14.0) Armour
 - Level 9.0(14.0) Dodging
 - Level 15.0(20.0) Shields
 - Level 8.0 Invocations
 - Level 5.0 Evocations


You had 18 spell levels left.
You didn't know any spells.
Your spell library contained the following spells:

 Spells                   Type           Power        Failure   Level  Hunger
 Animate Skeleton         Necr           N/A          67%         1    ##.....
 Beastly Appendage        Tmut           #.....       67%         1    ##.....
 Flame Tongue             Conj/Fire      #....        67%         1    ##.....
 Infusion                 Chrm           #...         67%         1    ##.....
 Magic Dart               Conj           #...         67%         1    ##.....
 Pain                     Necr           #...         67%         1    ##.....
 Call Imp                 Summ           #.......     82%         2    ###....
 Corpse Rot               Necr           N/A          82%         2    ###....
 Searing Ray              Conj           #.....       82%         2    ###....
 Shroud of Golubria       Chrm/Tloc      #.........   82%         2    ###....
 Song of Slaying          Chrm           #.......     82%         2    ###....
 Sticks to Snakes         Tmut           #.......     82%         2    ###....
 Dazzling Spray           Conj/Hex       #.....       96%         3    ####...
 Regeneration             Chrm/Necr      #.........   96%         3    ####...
 Spectral Weapon          Hex/Chrm       #.......     96%         3    ####...
 Spider Form              Tmut/Pois      #.........   96%         3    ####...
 Stone Arrow              Conj/Erth      #.....       96%         3    ####...
 Vampiric Draining        Necr           #.........   96%         3    ####...
 Animate Dead             Necr           N/A          100%        4    #####..
 Cause Fear               Hex            #.........   100%        4    #####..
 Force Lance              Conj/Tloc      #.......     100%        4    #####..
 Fulminant Prism          Conj/Hex       #.........   100%        4    #####..
 Ice Form                 Ice/Tmut       #.......     100%        4    #####..
 Iskenderun's Mystic Bla  Conj           #.......     100%        4    #####..
 Leda's Liquefaction      Hex/Erth       #.........   100%        4    #####..
 Aura of Abjuration       Summ           #.........   100%        5    ######.
 Blade Hands              Tmut           #.........   100%        5    ######.
 Bolt of Magma            Conj/Fire/Erth #.........   100%        5    ######.
 Lee's Rapid Deconstruct  Erth           #.........   100%        5    ######.
 Summon Forest            Summ/Tloc      #.........   100%        5    ######.
 Bolt of Fire             Conj/Fire      #.........   100%        6    #######
 Hydra Form               Tmut           #.........   100%        6    #######
 Iron Shot                Conj/Erth      #.........   100%        6    #######
 Statue Form              Tmut/Erth      #........    100%        6    #######
 Dragon Form              Tmut           #.........   100%        7    #######
 Malign Gateway           Summ/Tloc      #.........   100%        7    #######
 Summon Hydra             Summ           #.........   100%        7    #######
 Dragon's Call            Summ           #.........   100%        9    #######
 Shatter                  Erth           #.........   100%        9    #######


Dungeon Overview and Level Annotations

Branches:
Dungeon (15/15)            Temple (1/1) D:5            Lair (6/6) D:9
 Shoals (0/4) Lair:2        Snake (2/4) Lair:2        Slime (0/5) Lair:6
    Orc (2/2) D:10            Elf (0/3) Orc:2        Vaults (0/5) D:14
 Depths (3/5) D:15

Altars:
Ashenzari
Cheibriados
Dithmenos
Elyvilon
Fedhas
Gozag
Hepliaklqana
Kikubaaqudgha
Makhleb
Nemelex Xobeh
Okawaru
Qazlal
Ru
Sif Muna
Trog
Uskayaw
Vehumet
Wu Jian
Xom
Yredelemnul
Zin
The Shining One
Beogh
Jiyva

Shops:
D:7 *   Orc:2 ***(   Snake:1 (

Portals:
Hell: Depths:1 Depths:2
Pandemonium: Depths:3
Ziggurat: Depths:3

Annotations:
D:6 2 transporters, VinVin's ghost, novice TrMo
D:8 2 transporters, Grum; potatosalad14's ghost, novice DrTm
D:14 2 transporters, Marnok's ghost, journeyman MiFi
Lair:4 1 runed translucent door, KamiKatze's ghost, journeyman DrBe
Lair:6 1 runed translucent door


Innate Abilities, Weirdness & Mutations

You are too large for most types of armour.
You have tough skin. (AC +1)


Message History

The ice dragon breathes frost at you.
The blast of cold hits the ice dragon.
The ice dragon resists.
The blast of cold hits you!!!
* * * LOW HITPOINT WARNING * * *
You closely miss the ice dragon.
The ice dragon is lightly wounded.
The ice dragon breathes frost at you. The blast of cold hits you!!
* * * LOW HITPOINT WARNING * * *
You barely miss the ice dragon.
The ice dragon is lightly wounded.
Blink to where?
Press: ? - help, Dir - move target cursor You are very lightly contaminated with residual magic.
As you read the scroll of blinking, it crumbles to dust.
An ogre comes into view. It is wielding a +0 giant spiked club.
Why would you want to do that? The ice dragon breathes frost at you.
The blast of cold hits you!!!
You die...

####'### #.##.# #
#......####.##.##### #
#......#....##.#...' ##.
#........≈...#)....#
#########....#......≈≈≈≈≈.....#.#
.#.#.#.##.#..#.....≈≈≈≈≈≈≈...##.#
...#.........'....≈≈#≈≈≈#≈≈..##.#
.#...#.##.##>#....≈≈≈≈≈≈≈≈≈..##.#
.#...#.##.##.#..@≈≈≈≈≈<≈≈≈≈≈.##.#
...#...##.##.#....≈≈≈≈≈≈≈≈≈≈.##.#
.#.#.#.##.##.##'#^.≈#≈≈≈#≈≈...#.#
######....##.##.#..≈≈≈≈≈≈≈....'..
#.#..##........≈≈≈≈......#.#
#.#..O..D..###..≈........#..
.......##D#### #.#.........#.#
###.##.##.# #.##...[....#.#
#.##.##.# #.#####+##+##.#


You could see an ice dragon.

Vanquished Creatures
  A juggernaut (Depths:2)
  Boris (Depths:3)
  Asterion (Depths:2)
  A sphinx (Depths:3)
  A nagaraja (Snake:2)
  2 fire giants
  A balrug (Depths:2)
  3 frost giants
  A spriggan defender (Depths:2)
  A juggernaut zombie (Depths:1)
  An angel (Depths:3)
  9 stone giants
  8 very ugly things (Depths:1)
  2 spark wasps (Depths:3)
  Snorg (Lair:4)
  Josephine (D:11)
  4 ettins
  Erolcha (D:12)
  A blizzard demon (Depths:2)
  A great orb of eyes (Depths:1)
  2 yaktaur captains (Depths:1)
  5 vault guards (D:14)
  6 fire dragons
  6 naga warriors
  11 hydras
  Harold (D:7)
  9 ice dragons
  A shambling mangrove (Lair:6)
  An anaconda (Snake:1)
  5 spriggan air magi
  A hell beast (Depths:2)
  10 two-headed ogres
  12 centaur warriors
  2 death yaks (Lair:6)
  2 death knights
  Erica (D:8)
  A two-headed ogre (shapeshifter) (D:11)
  5 deep troll shamans
  3 ogre magi
  6 tengu warriors
  2 deep troll earth magi
  5 orc high priests (Orc:2)
  Urug (Lair:1)
  A vampire mage (Depths:3)
  3 naga sharpshooters
  A spriggan (Depths:2)
  A spriggan berserker (Depths:2)
  2 sun demons (Depths:2)
  6 iron trolls
  10 skeletal warriors
  Nergalle (Lair:1)
  A flayed ghost (Depths:1)
  4 unseen horrors
  A swamp dragon (Lair:6)
  A tengu zombie (Depths:1)
  8 deep trolls
  3 naga ritualists (Snake:1)
  A lindwurm (Lair:6)
  Pikel (D:3)
  3 orc sorcerers
  2 necromancers
  5 mana vipers (Snake:1)
  A wolf spider (D:14)
  9 orc knights (Orc:2)
  A fire giant zombie (Depths:2)
  24 ugly things
  An oklob plant (Lair:2)
  A shadow dragon skeleton (Depths:1)
  2 cyclopes
  A deep elf mage (D:15)
  2 manticores (D:15)
  A merfolk siren (Lair:2)
  8 elephants
  A frost giant skeleton (Depths:1)
  3 salamanders
  10 black mambas
  5 ice statues (IceCv)
  Joseph (Lair:1)
  2 gargoyles
  A guardian serpent (Snake:1)
  5 naga magi (Snake:1)
  12 spiny frogs
  2 smoke demons (Depths:2)
  6 torpor snails (Lair:6)
  2 rime drakes (Lair:6)
  3 freezing wraiths
  8 komodo dragons
  6 yaktaurs
  12 ice devils
  4 tyrant leeches (Lair:6)
  A red devil (Depths:2)
  A tengu conjurer (Depths:1)
  8 trolls
  8 slime creatures
  11 hornets
  3 merfolk (Lair:2)
  4 dream sheep
  10 hippogriffs
  30 blink frogs
  A deep troll skeleton (Depths:1)
  Sigmund (D:2)
  A water elemental (Depths:2)
  A shadow (D:11)
  6 wraiths (D:11)
  2 vampires (D:13)
  A spriggan (shapeshifter) (Depths:3)
  3 fire elementals (Depths:2)
  6 wyverns
  2 humans (D:14)
  2 basilisks (Lair:6)
  4 hungry ghosts
  21 yaks
  A steam dragon (Lair:6)
  4 vampire mosquitoes
  7 hydra simulacra (Depths:2)
  Edmund (D:5)
  24 nagas
  4 acid dragons
  3 porcupines
  12 water moccasins
  42 orc warriors
  A porcupine (shapeshifter) (Depths:1)
  3 swamp drakes (Lair:6)
  A floating eye (Depths:3)
  10 ice beasts
  An eye of draining (D:15)
  An ettin simulacrum (Depths:2)
  3 black bears
  10 ogres
  An eye of draining (shapeshifter) (D:15)
  3 phantoms
  18 centaurs
  A centaur (shapeshifter) (D:10)
  4 sky beasts
  A boggart (Depths:1)
  12 wolves
  6 crocodiles
  3 big kobolds
  17 bullfrogs
  A gnoll sergeant (D:10)
  A wyvern skeleton (D:12)
  3 scorpions
  11 killer bees
  5 wights (D:6)
  An electric eel (Lair:4)
  6 centaur zombies
  19 crimson imps
  3 draconian simulacra (IceCv)
  A quasit (D:15)
  5 jellies
  A wyvern simulacrum (D:15)
  2 bullfrog skeletons
  7 hounds
  36 orc priests
  19 orc wizards
  Crazy Yiuf (D:2)
  9 iguanas
  7 worker ants
  A spriggan simulacrum (IceCv)
  3 troll simulacra (IceCv)
  A hound skeleton (D:4)
  2 worker ant zombies
  10 gnolls
  8 adders
  A howler monkey skeleton (D:7)
  3 ogre simulacra (IceCv)
  2 river rats
  3 shadow imps
  7 white imps (Depths:2)
  An adder zombie (D:6)
  An adder skeleton (D:8)
  4 worms
  4 dart slugs
  11 leopard geckos
  86 orcs
  10 giant cockroaches
  6 goblins
  9 hobgoblins
  6 jackals (D:8)
  9 kobolds
  7 quokkas
  11 bats
  8 frilled lizards
  A quokka skeleton (D:8)
  A quokka zombie (D:5)
  14 rats
  4 fungi
  8 plants
1030 creatures vanquished.

Vanquished Creatures (others)
  2 water elementals (Depths:2)
  A wraith (D:11)
  A spriggan (Depths:2)
  A centaur (Depths:1)
  A dart slug (D:4)
  2 orcs (D:4)
  10 fungi
  69 plants
87 creatures vanquished.

Grand Total: 1117 creatures vanquished

Notes
Turn   | Place    | Note
-------+----------+-------------------------------------------
     0 | D:1      | GordonOverkill the Ogre Fighter began the quest for the
                  | Orb.
     0 | D:1      | Reached XP level 1. HP: 24/24 MP: 1/1
   216 | D:1      | Reached XP level 2. HP: 25/32 MP: 2/2
   814 | D:1      | Reached XP level 3. HP: 37/40 MP: 3/3
  1379 | D:2      | Noticed Sigmund
  1406 | D:2      | Killed Sigmund
  1406 | D:2      | Reached skill level 5 in Fighting
  1406 | D:2      | Reached XP level 4. HP: 50/50 MP: 4/4
  1406 | D:2      | Reached XP level 5. HP: 57/57 MP: 5/5
  1459 | D:2      | Found a snail-covered altar of Cheibriados.
  1514 | D:2      | Found a runed translucent door.
  1515 | D:2      | Noticed Crazy Yiuf
  1520 | D:2      | Killed Crazy Yiuf
  1520 | D:2      | Reached XP level 6. HP: 52/66 MP: 6/6
  1764 | D:2      | Found a sparkling altar of Nemelex Xobeh.
  1856 | D:2      | Found a deep blue altar of Sif Muna.
  2328 | D:3      | Found a shimmering altar of Xom.
  2354 | D:3      | Found a shimmering altar of Xom.
  2435 | D:3      | Reached skill level 5 in Shields
  3045 | D:4      | Noticed Pikel
  3045 | D:4      | Noticed a slave
  3045 | D:4      | Noticed a slave
  3045 | D:4      | Noticed a slave
  3045 | D:4      | Noticed a slave
  3082 | D:3      | Killed Pikel
  3082 | D:3      | Reached skill level 6 in Fighting
  3082 | D:3      | Reached XP level 7. HP: 26/76 MP: 7/7
  3325 | D:4      | Reached XP level 8. HP: 63/84 MP: 8/8
  3363 | D:4      | Reached skill level 7 in Fighting
  3702 | D:4      | Found a radiant altar of Vehumet.
  3722 | D:4      | Reached skill level 5 in Axes
  3801 | D:4      | Found a blossoming altar of Fedhas.
  4132 | D:4      | Found a bloodstained altar of Trog.
  4175 | D:5      | Entered Level 5 of the Dungeon
  4681 | D:5      | Found a glowing drain.
  4700 | Sewer    | Entered a sewer
  4810 | Sewer    | Reached skill level 8 in Fighting
  4928 | Sewer    | Found a white marble altar of Elyvilon.
  5120 | D:5      | Noticed Edmund
  5135 | D:5      | Killed Edmund
  5135 | D:5      | Reached XP level 9. HP: 65/96 MP: 9/9
  5950 | D:5      | Found a staircase to the Ecumenical Temple.
  6361 | Temple   | Entered the Ecumenical Temple
  6538 | Temple   | Became a worshipper of Warmaster Okawaru
  6853 | D:6      | Reached skill level 1 in Invocations
  7036 | D:6      | Reached skill level 9 in Fighting
  7522 | D:6      | Found a transporter.
  7536 | D:6      | Found a transporter.
  7596 | D:6      | Identified the +5 spear of Vanity {elec, *Slow rElec rN+
                  | Int+2}
  7596 | D:6      | Identified the +3 scale mail of Elitism {rN+}
  7596 | D:6      | Identified the -9 shield "Laarefazio" {rC+}
  7603 | D:6      | Noticed VinVin's ghost (novice TrMo)
  7752 | D:6      | Reached * piety under Okawaru
  8434 | D:7      | Noticed Harold
  8452 | D:7      | Killed Harold
  8452 | D:7      | Reached ** piety under Okawaru
  8452 | D:7      | Reached XP level 10. HP: 60/110 MP: 12/12
  8651 | D:7      | Found Xufemeg's General Store.
  8660 | D:7      | Bought a potion of curing for 36 gold pieces
  8660 | D:7      | Bought a scroll of enchant weapon for 90 gold pieces
  8660 | D:7      | Bought a potion of might for 48 gold pieces
  9359 | D:7      | Reached skill level 10 in Fighting
 10181 | D:8      | Noticed a two-headed ogre
 10874 | D:6      | Killed a two-headed ogre
 10874 | D:6      | Reached *** piety under Okawaru
 11063 | D:8      | Reached skill level 10 in Shields
 11234 | D:8      | Reached skill level 5 in Invocations
 12195 | D:8      | Found a transporter.
 12196 | D:8      | Found a transporter.
 12196 | D:8      | Identified the ring "Onlen" {rPois rN+ Int-4 SInv Stlth+}
 12210 | D:8      | Identified the +3 scale mail "Jiompeb" {rF+ Slay+2}
 12222 | D:8      | Noticed potatosalad14's ghost (novice DrTm)
 12467 | D:8      | Found a shadowy altar of Dithmenos.
 12477 | D:8      | Reached **** piety under Okawaru
 12610 | D:8      | Noticed Grum
 12908 | D:9      | Reached skill level 11 in Fighting
 12955 | D:8      | Reached XP level 11. HP: 16/120 MP: 14/14
 13731 | D:9      | You fall through a shaft for 3 floors!
 13884 | D:11     | Noticed a cyan ugly thing
 13886 | D:10     | Entered Level 10 of the Dungeon
 14370 | D:9      | Noticed Erica
 14456 | D:8      | Killed Erica
 14793 | D:9      | Reached ***** piety under Okawaru
 14806 | D:9      | Found a staircase to the Lair.
 15396 | D:10     | Reached skill level 12 in Fighting
 15423 | D:10     | Found a staircase to the Orcish Mines.
 16323 | D:10     | Found a roughly hewn altar of Beogh.
 17002 | D:11     | Killed a cyan ugly thing
 17242 | D:11     | Noticed a death knight
 17631 | Lair:1   | Entered Level 1 of the Lair of Beasts
 18011 | Lair:1   | Reached skill level 10 in Axes
 18016 | Lair:1   | Noticed Urug
 18028 | Lair:1   | Killed Urug
 18028 | Lair:1   | Received a gift from Okawaru
 18028 | Lair:1   | Reached skill level 13 in Fighting
 18028 | Lair:1   | Reached XP level 12. HP: 136/136 MP: 15/15
 18295 | Lair:1   | Noticed Joseph
 18296 | Lair:1   | Paralysed by Joseph for 2 turns
 18305 | Lair:1   | Paralysed by Joseph for 4 turns
 18310 | Lair:1   | Killed Joseph
 18444 | Lair:1   | Noticed Nergalle
 18454 | Lair:1   | Killed Nergalle
 19254 | Lair:2   | Found a staircase to the Shoals.
 19504 | Lair:2   | Received a gift from Okawaru
 19513 | Lair:2   | Reached skill level 14 in Fighting
 19886 | Lair:2   | Found a staircase to the Snake Pit.
 19893 | Lair:2   | Reached skill level 1 in Armour
 19915 | Lair:2   | Noticed a seven-headed hydra
 19928 | Lair:2   | Killed a two-headed hydra
 20668 | Lair:3   | Reached XP level 13. HP: 111/146 MP: 16/16
 21844 | Lair:4   | Found a runed translucent door.
 21850 | Lair:4   | Noticed KamiKatze's ghost (journeyman DrBe)
 22035 | Lair:4   | Noticed Snorg
 22043 | Lair:4   | Killed Snorg
 22794 | Lair:4   | Received a gift from Okawaru
 23521 | Lair:6   | Entered Level 6 of the Lair of Beasts
 23523 | Lair:6   | Received a gift from Okawaru
 23523 | Lair:6   | Reached skill level 5 in Armour
 23881 | Lair:6   | Reached XP level 14. HP: 89/156 MP: 17/17
 24251 | Lair:6   | Received a gift from Okawaru
 24291 | Lair:6   | Reached ****** piety under Okawaru
 24307 | Lair:6   | Received a gift from Okawaru
 24539 | Lair:6   | Found a runed translucent door.
 24934 | Lair:6   | Found a runed translucent door.
 24935 | Lair:6   | Found a viscous altar of Jiyva.
 25053 | Lair:6   | Noticed an acid blob
 25054 | Lair:6   | Found a staircase to the Slime Pits.
 25054 | Lair:6   | Noticed an acid blob
 25284 | Lair:6   | Received a gift from Okawaru
 26594 | D:11     | Noticed Josephine
 26609 | D:11     | Killed Josephine
 26609 | D:11     | Reached skill level 15 in Shields
 27099 | D:12     | Noticed Erolcha
 27109 | D:12     | Killed Erolcha
 27109 | D:12     | Received a gift from Okawaru
 27109 | D:12     | Reached XP level 15. HP: 163/163 MP: 18/18
 27114 | D:12     | Got a shimmering broad axe {god gift}
 27115 | D:12     | Identified the +3 broad axe "Cibrea Bulu" {speed, MR+ Str+4
                  | SInv} (Okawaru gifted it to you on level 12 of the Dungeon)
 27943 | D:13     | You fall through a shaft for 2 floors!
 27943 | D:15     | Entered Level 15 of the Dungeon
 28071 | D:14     | Received a gift from Okawaru
 28340 | D:14     | Reached skill level 15 in Fighting
 28573 | D:14     | Noticed Marnok's ghost (journeyman MiFi)
 28899 | D:14     | Found a transporter.
 29159 | D:14     | Found a gate to the Vaults.
 29275 | D:14     | Found a transporter.
 29292 | D:14     | Found a stormy altar of Qazlal.
 29456 | D:15     | Reached skill level 15 in Axes
 29649 | D:15     | Reached skill level 16 in Fighting
 29751 | D:15     | Received a gift from Okawaru
 29751 | D:15     | Reached XP level 16. HP: 149/179 MP: 19/19
 30183 | D:15     | Received a gift from Okawaru
 30305 | D:15     | Found a staircase to the Depths.
 30781 | Orc:1    | Entered Level 1 of the Orcish Mines
 30781 | Orc:1    | Found a frozen archway.
 30839 | IceCv    | Entered an ice cave
 31969 | Orc:2    | Entered Level 2 of the Orcish Mines
 32724 | Orc:2    | Found a staircase to the Elven Halls.
 33946 | Orc:2    | Found Ziroicvu's General Store.
 33949 | Orc:2    | Found Jowior's General Store.
 33950 | Orc:2    | Found Iloidig's Weapon Shoppe.
 33951 | Orc:2    | Found Myzu Rog's General Store.
 33958 | Orc:2    | Bought a scroll of enchant armour for 97 gold pieces
 33959 | Orc:2    | Bought a potion of heal wounds for 70 gold pieces
 33959 | Orc:2    | Bought a scroll of brand weapon for 280 gold pieces
 33961 | Orc:2    | Bought a potion of cancellation for 112 gold pieces
 33961 | Orc:2    | Bought a scroll of blinking for 105 gold pieces
 33961 | Orc:2    | Bought a wand of digging (6) for 280 gold pieces
 34135 | Lair:2   | Received a gift from Okawaru
 34170 | Snake:1  | Entered Level 1 of the Snake Pit
 34706 | Snake:1  | Found Qorasm's Antique Weapon Boutique.
 34884 | Snake:1  | Received a gift from Okawaru
 35570 | Snake:1  | Identified Yluumoz's Compendium of Ashen Summoning
 35883 | Snake:1  | Reached XP level 17. HP: 187/187 MP: 22/22
 36290 | Snake:2  | Reached skill level 5 in Dodging
 37061 | Depths:1 | Entered Level 1 of the Depths
 37467 | Depths:1 | Found a gateway to Hell.
 37620 | Depths:1 | Received a gift from Okawaru
 37659 | Depths:1 | Found a flickering gateway to a bazaar.
 37667 | Bazaar   | Entered a bazaar
 37681 | Bazaar   | Found Ranum's Book Shop.
 37702 | Bazaar   | Found Jeplofew's Jewellery Boutique.
 37702 | Bazaar   | Found Ritsy's Jewellery Boutique.
 37741 | Bazaar   | Found Okaenioz's Antique Weapon Boutique.
 37795 | Bazaar   | Bought the cursed necklace of Bloodlust {*Rage +Rage MR++
                  | Int-3 Slay+6 *Curse} for 622 gold pieces
 37795 | Bazaar   | Found the cursed necklace of Bloodlust {*Rage +Rage MR++
                  | Int-3 Slay+6 *Curse}
 37811 | Bazaar   | Bought an uncursed ring of protection from cold for 425
                  | gold pieces
 38393 | Depths:1 | Reached skill level 1 in Evocations
 39351 | Depths:1 | Reached XP level 18. HP: 187/198 MP: 16/24
 39496 | Depths:1 | Identified the amulet "Ocapuj" {+Inv rC- Regen+ Str+9}
 39788 | Depths:2 | Noticed Asterion
 39803 | Depths:2 | Killed Asterion
 40316 | Depths:2 | Received a gift from Okawaru
 40329 | Depths:2 | Got a jewelled hat {god gift}
 40330 | Depths:2 | Identified the +0 hat of the Bard {Str+3} (Okawaru gifted
                  | it to you on level 2 of the Depths)
 40650 | Depths:2 | Reached skill level 17 in Fighting
 40968 | Depths:2 | Got a pair of twisted gloves
 41023 | Depths:2 | Reached skill level 5 in Evocations
 41535 | Depths:2 | Reached skill level 18 in Fighting
 41575 | Depths:2 | Noticed a juggernaut
 41590 | Depths:2 | Killed a juggernaut
 42066 | Depths:2 | Reached skill level 19 in Fighting
 42656 | Depths:3 | Received a gift from Okawaru
 42977 | Depths:3 | Found a gateway to a ziggurat.
 42984 | Depths:3 | Reached skill level 20 in Fighting
 42984 | Depths:3 | Reached XP level 19. HP: 206/219 MP: 25/25
 43340 | Depths:3 | Found a one-way gate leading to the halls of Pandemonium.
 43505 | Depths:3 | Noticed Boris
 43520 | Depths:3 | Killed Boris
 43539 | Depths:3 | Killed from afar by an ice dragon

Skill      XL: |  1  2  3  4  5  6  7  8  9 10 11 12 13 14 15 16 17 18 |
---------------+-------------------------------------------------------+-----
Shields        | 3 4 6 7 9 10 11 12 13 15 | 15.0
Dodging        | 3 4 8 9 |  9.0
Fighting       | 5 6 8 9 11 13 14 16 20 | 20.5
Axes           | 3 4 5 7 8 10 11 12 14 15 17 18 | 18.0
Invocations    | 3 5 6 8 |  8.0
Armour         | 2 5 6 8 9 |  9.0
Evocations     | 2 5 |  5.0

Action                   |  1- 3 |  4- 6 |  7- 9 | 10-12 | 13-15 | 16-18 | 19-21 || total
-------------------------+-------+-------+-------+-------+-------+-------+-------++-------
Melee: War axe           |   100 |   142 |   426 |   554 |       |       |       ||  1222
       Unarmed           |       |    16 |       |       |       |       |       ||    16
       Broad axe         |       |       |       |   263 |   954 |  1645 |    57 ||  2919
       Scimitar          |       |       |       |     9 |    46 |       |       ||    55
Throw: Stone             |       |       |    15 |       |       |       |       ||    15
       Tomahawk          |       |       |    16 |       |       |       |       ||    16
       Large rock        |       |       |       |    19 |       |       |       ||    19
Invok: Heroism           |       |       |       |    10 |    30 |    26 |     3 ||    69
       Finesse           |       |       |       |     4 |    11 |    14 |     1 ||    30
Evoke: Wand              |       |       |       |    10 |     3 |       |     1 ||    14
  Use: Potion            |     1 |       |     2 |    10 |     2 |     6 |       ||    21
       Scroll            |       |       |    11 |     9 |     7 |     8 |     1 ||    36
 Stab: Paralysed         |       |       |       |    10 |       |       |       ||    10
       Invisible         |       |       |       |     1 |       |       |       ||     1
       Sleeping          |       |       |       |     1 |       |       |       ||     1
  Eat: Chunk             |     2 |     5 |    12 |    34 |    21 |    35 |     1 ||   110
       Ration            |       |       |     2 |     2 |     3 |     2 |       ||     9
Armor: Robe              |    33 |    27 |    64 |    65 |       |       |       ||   189
       Skin              |       |     1 |       |       |       |       |       ||     1
       Fire dragon scale |       |       |       |    25 |    16 |    60 |     8 ||   109
       Troll leather arm |       |       |       |       |    90 |       |       ||    90
       Swamp dragon scal |       |       |       |       |    80 |    82 |       ||   162
Dodge: Dodged            |    28 |    40 |    75 |   215 |   283 |   235 |     6 ||   882
Block: Shield            |    32 |       |       |       |       |       |       ||    32
       Large shield      |    32 |   117 |   351 |   767 |   867 |   889 |    38 ||  3061
       Rpst.: Scimitar   |       |       |       |     1 |     2 |       |       ||     3
